 Dungeon Crawl Stone Soup version 0.21.1-1-g345015f (webtiles) character file.

855 zishaf the Grappler (level 7, -2/66 HPs)
             Began as a Troll Fighter on May 14, 2018.
             Slain by a gnoll
             ... wielding a +2 vampiric halberd
              (3 damage)
             ... on level 6 of the Dungeon.
             The game lasted 00:09:36 (3428 turns).

zishaf the Grappler (Troll Fighter)                 Turns: 3428, Time: 00:09:37

Health: -2/66      AC:  5    Str: 27    XL:     7   Next: 70%
Magic:  6/6        EV: 10    Int:  4    God:    Xom [......]
Gold:   305        SH:  0    Dex: 14    Spells: 6/6 levels left

rFire    + . .     SeeInvis .     - Unarmed
rCold    . . .     Gourm    +   (no shield)
rNeg     . . .     Faith    .   u - +0 animal skin
rPois    .         Spirit   .   (helmet restricted)
rElec    .         Reflect  .   (no cloak)
rCorr    .         Harm     .   (gloves unavailable)
MR       .....                  (boots unavailable)
Stlth    +.........             m - amulet of regeneration
HPRegen  1.01/turn              p - ring of protection from fire
MPRegen  0.10/turn              k - +5 ring of dexterity

@: no status effects
A: large, unfitting armour, claws 3, fast metabolism 3, gourmand, regeneration
1, shaggy fur 1, tough skin 2
a: Renounce Religion


You were on level 6 of the Dungeon.
You worshipped Xom.
You were a very special plaything of Xom.
You were completely stuffed.

You visited 2 branches of the dungeon, and saw 7 of its levels.

You collected 305 gold pieces.

Inventory:

Armour
 u - a +0 animal skin (worn)
Jewellery
 j - an uncursed ring of magical power
 k - a +5 ring of dexterity (right claw)
 m - an amulet of regeneration (around neck)
 p - a ring of protection from fire (left claw)
 v - an uncursed ring of resist corrosion
 y - an uncursed ring of flight {unknown}
Wands
 A - a wand of flame (28)
Scrolls
 a - a scroll of amnesia {unknown}
 b - 2 scrolls of blinking {unknown}
 e - 5 scrolls of remove curse {unknown}
 g - a scroll of noise {unknown}
 h - a scroll of fog {unknown}
 i - 3 scrolls of teleportation {unknown}
 l - 5 scrolls of identify {unknown}
 n - a scroll of enchant weapon {unknown}
 q - a scroll of enchant armour {unknown}
 z - a scroll of magic mapping {unknown}
Potions
 c - a potion of might
 f - a potion of ambrosia {unknown}
 o - 2 potions of heal wounds {unknown}
 r - 3 potions of lignification {unknown}
 s - 2 potions of degeneration {unknown}
 t - a potion of invisibility {unknown}
 x - a potion of resistance {unknown}
Comestibles
 d - 15 rations
 w - 14 chunks of flesh


   Skills:
 - Level 2.4 Fighting
 - Level 2.4 Dodging
   Level 2.4 Shields
 + Level 9.0 Unarmed Combat


You had 6 spell levels left.
You didn't know any spells.

Dungeon Overview and Level Annotations

Branches:
Dungeon (6/15)             Temple (1/1) D:6

Altars:
Ashenzari
Cheibriados
Dithmenos
Elyvilon
Gozag
Hepliaklqana
Kikubaaqudgha
Makhleb
Nemelex Xobeh
Ru
Sif Muna
Vehumet
Wu Jian
Xom
Zin


Innate Abilities, Weirdness & Mutations

You are too large for most types of armour.
You have claws for hands.
Your metabolism is lightning-fast.
You like to eat raw meat.
Your natural rate of healing is unusually fast.
You are covered in fur. (AC +1)
You have very tough skin. (AC +2)


Message History

* * * LOW HITPOINT WARNING * * *
The orc hits you but does no damage. The gnoll hits you but does no damage.
The orc hits you with a club.
* * * LOW HITPOINT WARNING * * *
Something hits you.
* * * LOW HITPOINT WARNING * * *
You scratch the jackal.
You kill the jackal!
The gnoll barely misses you. Something hits you but does no damage.
The orc closely misses you. The gnoll hits you with a whip!
* * * LOW HITPOINT WARNING * * *
Xom is mildly amused.
The gnoll hits you but does no damage.
You closely miss the orc. The orc hits you but does no damage.
Something hits you but does no damage. The adder zombie bites you.
* * * LOW HITPOINT WARNING * * *
Xom is amused.
The gnoll hits you from afar with a vampiric halberd.
You die...
Xom bursts into laughter!

#.....⌠..
#.............##........
#...........<.##........
#.............##........
#.............##........
#.............##........
#.....ghh...............
#.....{gog....##........
#.....o@Zo....##.......÷
#.....g(......##########
#.............# #......
#.............####......
........................
####........#...........
#.........†..........
#........).....######
#........))....#


You could see an orc warrior, 4 gnolls, 2 orcs, an adder zombie and 2 jackals.

Vanquished Creatures
  A sky beast (D:6)
  2 ogres
  A bullfrog (D:5)
  A scorpion (D:5)
  A howler monkey (D:4)
  A jelly (D:4)
  2 orc priests (D:6)
  A hound (D:2)
  A gnoll shaman (D:5)
  An orc wizard (D:5)
  A worker ant (D:4)
  Robin (D:4)
  5 gnolls
  7 adders
  An ooze (D:1)
  2 adder skeletons (D:4)
  A worm (D:3)
  A dart slug (D:1)
  A leopard gecko (D:3)
  11 orcs
  2 ball pythons
  5 giant cockroaches
  27 goblins
  8 hobgoblins
  9 jackals
  2 kobolds
  3 quokkas
  4 bats
  2 frilled lizards
  A leopard gecko skeleton (D:4)
  A quokka skeleton (D:5)
  A rat (D:3)
108 creatures vanquished.

Notes
Turn   | Place    | Note
-------+----------+-------------------------------------------
     0 | D:1      | zishaf the Troll Fighter began the quest for the Orb.
     0 | D:1      | Reached XP level 1. HP: 22/22 MP: 0/0
   181 | D:1      | Reached XP level 2. HP: 21/29 MP: 1/1
   257 | D:1      | Reached skill level 3 in Unarmed Combat
   764 | D:2      | Reached XP level 3. HP: 36/36 MP: 2/2
   767 | D:2      | Found a white marble altar of Elyvilon.
   858 | D:2      | Reached skill level 4 in Unarmed Combat
   892 | D:2      | Reached XP level 4. HP: 44/44 MP: 3/3
   922 | D:2      | You fall through a shaft for 2 floors!
  1100 | D:3      | Reached skill level 5 in Unarmed Combat
  1505 | D:3      | Reached XP level 5. HP: 46/50 MP: 4/4
  1510 | D:3      | Noticed an ogre
  1515 | D:3      | Killed an ogre
  1515 | D:3      | Reached skill level 6 in Unarmed Combat
  1711 | D:4      | Noticed Robin
  1734 | D:3      | Reached XP level 6. HP: 46/59 MP: 5/5
  2011 | D:2      | Found a faded altar of an unknown god.
  2174 | D:4      | Killed Robin
  2548 | D:5      | Entered Level 5 of the Dungeon
  2557 | D:5      | Reached skill level 7 in Unarmed Combat
  2596 | D:5      | Reached XP level 7. HP: 66/66 MP: 6/6
  2795 | D:5      | Reached skill level 8 in Unarmed Combat
  3136 | D:6      | Found a staircase to the Ecumenical Temple.
  3149 | Temple   | Entered the Ecumenical Temple
  3310 | Temple   | Became a worshipper of Xom of Chaos
  3385 | D:6      | XOM: harmless Tloc miscast
  3416 | D:6      | XOM: repel stairs
  3422 | D:6      | Reached skill level 9 in Unarmed Combat
  3427 | D:6      | HP: 3/66 [gnoll/whip (7)]
  3428 | D:6      | HP: 1/66 [adder zombie (3)]
  3428 | D:6      | Slain by a gnoll

Skill      XL: |  1  2  3  4  5  6  7 |
---------------+----------------------+-----
Unarmed Combat | 3 4 5 6 7 9 |  9.0
Fighting       | |  2.4
Dodging        | |  2.4
Shields        | |  2.4

Action                   |  1- 3 |  4- 6 |  7- 9 || total
-------------------------+-------+-------+-------++-------
Melee: Unarmed           |    61 |   150 |    85 ||   296
       Punch             |       |     9 |     5 ||    14
 Stab: Sleeping          |     2 |     1 |     1 ||     4
  Eat: Chunk             |    14 |    15 |     8 ||    37
Armor: Robe              |    16 |    56 |       ||    72
       Animal skin       |       |     3 |    32 ||    35
Dodge: Dodged            |    23 |    86 |    44 ||   153
